General information
- name: BNet
- type: Ladder team game (AT/RT)
- host: Battle.net
- saver: WhoopsDisconnec
map: BloodstoneMesa
- players: 6
- length: 08:12
- speed: Fast
- version: 1.24 W3XP
- replay type: Public
» download(52 KB)
Players
team 1 (loser)
cRazyGooSe (
yellow | 117 APM | 911 actions | 07:45)
2 Tauren Chieftain
1 Shockwave
1 Endurance Aura
» actions
| Assign group hotkey | 11 | |
| Build / train | 27 | |
| Enter build submenu | 9 | |
| Enter hero's abilities submenu | 2 | |
| Right click | 466 | |
| Select / deselect | 105 | |
| Select group hotkey | 254 | |
| Use ability | 37 | |
911 total
» units
| Peon | 9 | |
| Troll Headhunter/Berserker | 8 | |
17 total
» buildings
| Altar of Storms | 1 | |
| Orc Burrow | 3 | |
| War Mill | 1 | |
| Barracks | 2 | |
| Voodoo Lounge | 2 | |
| Stronghold | 1 | |
10 total
» build order
00:04 Altar of Storms
00:18 Orc Burrow
01:12 War Mill
01:17 Barracks
01:34 Orc Burrow
02:04 Voodoo Lounge
02:09 Voodoo Lounge
02:41 Barracks
03:15 Orc Burrow
05:29 Stronghold
» items
| Healing Salve | 1 | |
| Lesser Clarity Potion | 2 | |
| Scroll of Speed | 2 | |
5 total
IamPheze (
red | 94 APM | 771 actions | 08:10)
3 Priestess of the Moon
1 Scout
2 Trueshot Aura
» actions
| Assign group hotkey | 15 | |
| Basic commands | 69 | |
| Build / train | 29 | |
| ESC pressed | 1 | |
| Enter build submenu | 9 | |
| Enter hero's abilities submenu | 3 | |
| Right click | 416 | |
| Select / deselect | 130 | |
| Select group hotkey | 65 | |
| Use ability | 34 | |
771 total
» units
| Wisp | 15 | |
| Huntress | 7 | |
| Troll Headhunter/Berserker | 1 | |
23 total
» buildings
| Altar of Elders | 1 | |
| Moon Well | 3 | |
| Ancient of War | 2 | |
| Hunter's Hall | 1 | |
| Ancient Protector | 1 | |
8 total
» build order
00:05 Altar of Elders
00:19 Moon Well
01:49 Ancient of War
01:52 Hunter's Hall
02:00 Ancient of War
02:18 Moon Well
04:41 Moon Well
05:46 Ancient Protector
nOctis[iQ] (
teal | 63 APM | 470 actions | 07:27)
1 Death Knight
1 Death Coil
» actions
| Assign group hotkey | 3 | |
| Basic commands | 72 | |
| Build / train | 15 | |
| Enter build submenu | 8 | |
| Enter hero's abilities submenu | 1 | |
| Right click | 245 | |
| Select / deselect | 87 | |
| Select group hotkey | 6 | |
| Use ability | 33 | |
470 total
» units
| Acolyte | 3 | |
| Ghoul | 1 | |
| Crypt Fiend | 4 | |
8 total
» buildings
| Crypt | 1 | |
| Graveyard | 1 | |
| Altar of Darkness | 1 | |
| Ziggurat | 2 | |
| Tomb of Relics | 1 | |
| Spirit Tower | 2 | |
8 total
» build order
00:08 Crypt
00:14 Graveyard
00:29 Altar of Darkness
00:46 Ziggurat
01:09 Tomb of Relics
02:12 Ziggurat
02:53 Spirit Tower
03:18 Spirit Tower
» items
team 2 (winner)
alltruewarriors (
green | 40 APM | 327 actions | 08:11)
2 Goblin Tinker
1 Pocket Factory
1 Engineering Upgrade
» actions
| Assign group hotkey | 18 | |
| Basic commands | 10 | |
| Build / train | 33 | |
| Enter build submenu | 10 | |
| Enter hero's abilities submenu | 2 | |
| Right click | 131 | |
| Select / deselect | 91 | |
| Select group hotkey | 19 | |
| Use ability | 13 | |
327 total
» units
» buildings
| Crypt | 2 | |
| Ziggurat | 4 | |
| Altar of Darkness | 1 | |
7 total
» build order
00:08 Crypt
00:09 Ziggurat
00:40 Crypt
01:03 Ziggurat
02:09 Altar of Darkness
02:55 Ziggurat
05:31 Ziggurat
dinoadventure (
purple | 47 APM | 387 actions | 08:11)
3 Goblin Tinker
2 Pocket Factory
1 Engineering Upgrade
» actions
| Assign group hotkey | 17 | |
| Basic commands | 1 | |
| Build / train | 27 | |
| Enter build submenu | 7 | |
| Enter hero's abilities submenu | 3 | |
| Right click | 163 | |
| Select / deselect | 100 | |
| Select group hotkey | 57 | |
| Use ability | 12 | |
387 total
» units
» buildings
| Crypt | 2 | |
| Ziggurat | 3 | |
| Altar of Darkness | 1 | |
6 total
» build order
00:11 Crypt
00:16 Ziggurat
00:30 Crypt
01:03 Ziggurat
01:53 Altar of Darkness
03:58 Ziggurat
WhoopsDisconnec (
orange | 65 APM | 537 actions | 08:12)
2 Goblin Tinker
1 Pocket Factory
1 Engineering Upgrade
» actions
| Assign group hotkey | 39 | |
| Basic commands | 2 | |
| Build / train | 28 | |
| ESC pressed | 1 | |
| Enter build submenu | 8 | |
| Enter hero's abilities submenu | 2 | |
| Right click | 225 | |
| Select / deselect | 115 | |
| Select group hotkey | 94 | |
| Use ability | 23 | |
537 total
» units
| Acolyte | 2 | |
| Ghoul | 19 | |
| Crypt Fiend | 3 | |
24 total
» buildings
| Crypt | 2 | |
| Ziggurat | 4 | |
| Altar of Darkness | 1 | |
| Graveyard | 1 | |
| Halls of the Dead | 1 | |
9 total
» build order
00:08 Crypt
00:11 Ziggurat
00:36 Crypt
00:57 Ziggurat
01:28 Altar of Darkness
03:15 Ziggurat
05:34 Graveyard
06:10 Ziggurat
07:28 Halls of the Dead
Chat log
(00:15 / Allies) WhoopsDisconnec: u didn tdo ghoul thumbs
(00:21 / Allies) alltruewarriors: fack off
(00:21 / Allies) WhoopsDisconnec: this is a horrible map for ghouls
(00:30 / Allies) alltruewarriors: send one mid
(01:11 / All) WhoopsDisconnec: three nerds
(01:18 / Allies) WhoopsDisconnec: look at their goddamn nerd names
(01:18 / Allies) dinoadventure: no bm at least
(01:25 / Allies) WhoopsDisconnec: yeah theyre nerds
(01:26 / All) nOctis[iQ]: yeah bro
(01:30 / All) nOctis[iQ]: u gonna disc hack me!
(01:31 / Allies) WhoopsDisconnec: tc is for 3s
(01:36 / All) nOctis[iQ]: if so that would be great
(01:44 / All) WhoopsDisconnec: id like to gut you you fuckign worm
(01:55 / All) nOctis[iQ]: u have a beautiful soul
(02:08 / Allies) dinoadventure: a sassy loler
(02:17 / Allies) WhoopsDisconnec: send
(02:29 / Allies) WhoopsDisconnec: try to dodge the mega creeps
(02:31 / Allies) dinoadventure: ud?
(02:32 / Allies) WhoopsDisconnec: these creeps are SLAYERS
(02:33 / Allies) WhoopsDisconnec: ya
(02:41 / Allies) alltruewarriors: where are we going
(02:46 / Allies) WhoopsDisconnec: turn on maphack
(03:01 / Allies) WhoopsDisconnec: get your damn heros
(03:10 / Allies) WhoopsDisconnec: we lost
(03:10 / Allies) alltruewarriors: im theo nly one here
(03:11 / Allies) WhoopsDisconnec: why no heros?
(03:11 / Allies) alltruewarriors: fall back
(03:15 / Allies) alltruewarriors: fall back to the keep
(03:38 / Allies) WhoopsDisconnec: watch ur hero focus
(05:22 / Allies) dinoadventure: i hear no sassy lols anymore
(05:42 / Allies) dinoadventure: next
(05:49 / Allies) alltruewarriors: cro?
(06:01 / Allies) WhoopsDisconnec: lets tp
(06:03 / Allies) WhoopsDisconnec: ?
(06:03 / Allies) WhoopsDisconnec: or no
(06:04 / Allies) WhoopsDisconnec: trad
(06:05 / Allies) WhoopsDisconnec: for the elf
(06:06 / Allies) WhoopsDisconnec: trade
(06:15 / Allies) WhoopsDisconnec: main
(06:16 / Allies) WhoopsDisconnec: MAIN
(06:17 / Allies) WhoopsDisconnec: MAIN NOW
(06:30 / Allies) WhoopsDisconnec: MAIN THEN TP
(07:14 / Allies) WhoopsDisconnec: TOWER UP
(07:29 / All) WhoopsDisconnec: RAPED
(07:30 / All) WhoopsDisconnec: RAPED
(07:32 / All) WhoopsDisconnec: THROWN IN THE GUTTER
(07:34 / All) WhoopsDisconnec: BLEEDING
(07:42 / All) alltruewarriors: nerds will always sweat bhlood and bullets to win at a game
(07:44 / All) WhoopsDisconnec: FACE DOWN DEAD IN THE GUTTER
(07:48 / All) WhoopsDisconnec: IS HIT ON YOUR CORPSE
(07:49 / All) alltruewarriors: and i will always put all their efforts int he dirt
(07:50 / All) WhoopsDisconnec: YOU EAT MY SHIT
(07:52 / All) alltruewarriors: with minimal effort
(07:54 / All) WhoopsDisconnec: I MOVE YOUR DEAD JAW
(07:55 / All) WhoopsDisconnec: TO CHEW IT